Map: 에버 드림 - 래더

Players

AgoElazer (Elazer) - Winner!

  • Race: Zerg Zerg
  • Spawn Location: 7:00

INnoVation

  • Race: Terran Terran
  • Spawn Location: 1:00

Event: StayAtHomestory Cup #1

VOD

Have the link to the VOD?

Description

Time

  • Played on: April 11, 2020, 3:53 p.m.
  • Length: 6:41

All games in this series

Show
View Real Time Build Order
Export as new Build Order

AgoElazer Zerg - Winner!

Build Orders: Pool First 

Get SALT Encoding   

  12  0:00  Drone  
  13  0:12  Overlord  
  13  0:16  Drone  
  14  0:31  Drone x2  
  14  0:34  Drone  
  17  0:44  Spawning Pool  
  17  0:46  Drone  
  17  0:55  Drone  
  18  1:09  Hatchery  
  17  1:11  Extractor  
  17  1:14  Drone  
  17  1:18  Drone  
  18  1:31  Zergling x2, Queen  
  21  1:41  Roach Warren  
  20  1:50  Overlord  
  20  2:09  Queen  
  22  2:21  Roach x3  
  28  2:24  Queen  
  30  2:32  Overlord  
  30  2:42  Roach  
  31  2:49  Roach x2  
  35  2:54  Roach  
  37  3:03  Overlord  
  37  3:07  Roach  
  39  3:19  Roach x2  
  39  3:23  Drone  
  40  3:30  Roach  
  42  3:34  Drone  
  42  3:35  Drone  
  42  3:44  Spine Crawler  
  39  3:55  Roach x2  
  43  4:03  Roach  
  45  4:17  Zergling x2  
  45  4:18  Zergling x10  
  51  4:33  Metabolic Boost, Overlord  
  51  4:35  Zergling x2  
  52  4:51  Overlord  
  53  4:52  Zergling x2  
  53  4:53  Zergling x6  
  57  5:00  Zergling x2  
  54  5:09  Zergling x4  
  47  5:15  Zergling x8  
  40  5:24  Zergling x4  
  40  5:35  Zergling x4  
  42  5:44  Zergling x2  
  42  5:47  Zergling x2  
  42  5:49  Ravager x2  
  46  5:56  Zergling x4  
  48  5:57  Queen  
  48  6:00  Ravager  
  51  6:09  Zergling x2  
  51  6:11  Zergling x2  
  55  6:14  Zergling x2  
  55  6:19  Zergling x2  
Show
View Real Time Build Order
Export as new Build Order

INnoVation Terran 

Build Orders:  

Get SALT Encoding   

  12  0:00  SCV  
  13  0:13  SCV  
  14  0:17  Supply Depot  
  14  0:25  SCV  
  15  0:39  Barracks  
  15  0:50  Barracks  
  15  1:02  Barracks  
  15  1:07  SCV  
  16  1:26  Marine, Orbital Command  
  17  1:37  Marine  
  17  1:38  Supply Depot  
  18  1:44  Marine  
  19  1:50  Bunker  
  19  1:51  Marine  
  20  1:55  Marine  
  21  2:02  Marine  
  21  2:07  SCV  
  23  2:11  Marine  
  23  2:13  Marine  
  25  2:19  Marine  
  25  2:22  Supply Depot  
  26  2:23  SCV  
  26  2:29  Marine  
  28  2:31  Marine  
  28  2:36  SCV  
  30  2:46  Refinery  
  30  2:47  Refinery  
  30  2:48  SCV  
  30  2:58  Marine x3  
  31  3:00  SCV  
  34  3:12  SCV  
  35  3:16  Marine x3  
  35  3:24  SCV  
  35  3:35  Barracks Tech Lab x3  
  35  3:36  Supply Depot  
  33  3:53  Marauder x2  
  33  3:54  Marauder  
  38  3:58  Concussive Shells  
  38  4:07  Supply Depot  
  37  4:15  Marauder  
  40  4:17  Marauder  
  40  4:23  Marauder  
  42  4:36  Marauder  
  46  4:38  Marauder  
  46  4:45  Marauder  
  48  4:51  Supply Depot  
  48  4:57  Marauder  
  52  5:00  Marauder  
  50  5:09  Marauder  
  38  5:21  Marauder  
  38  5:28  Marauder  
  40  5:34  Marine  
  41  5:42  Marine  
  42  5:49  Marine  
  43  5:52  Marine  
  44  6:00  Marine  
  45  6:07  Marine  
  45  6:10  Marine  
  47  6:17  Marine  
Tags
 
Add a new tag
Caveats
  • Supply blocks, unpowered buildings, or Contaminate may cause inaccurate times.
  • Supply counts are checked every 10 seconds.